 Dungeon Crawl Stone Soup version 0.31.0-12-g77e489cdc1 (webtiles) character file.

Game seed: 3385437551743251401

3714 cdecastro the Thaumaturge (level 9, -1/47 HPs)
             Began as a Deep Elf Fire Elementalist on Feb 15, 2024.
             Was a Priest of Sif Muna.
             Slain by an orc warrior
             ... wielding a +0 trident
              (8 damage)
             ... on level 7 of the Dungeon.
             The game lasted 00:23:15 (8847 turns).

cdecastro the Thaumaturge (DEFE)                    Turns: 8847, Time: 00:23:16

Health: -1/47      AC:  5    Str: 10    XL:     9   Next: 91%
Magic:  2/25       EV: 12    Int: 28    God:    Sif Muna [***...]
Gold:   93         SH:  0    Dex: 15    Spells: 15/28 levels left

rFire   . . .        B - +1 dagger (venom)
rCold   + . .        (no shield)
rNeg    . . .        n - +1 robe of Unambiguity {Str+2 Int+3}
rPois   .            (no helmet)
rElec   .            (no cloak)
rCorr   .            t - +0 pair of gloves {Str+3}
SInv    .            f - +0 pair of boots
Will    .....        (no amulet)
Stlth   ++           m - ring of protection from cold
HPRegen 0.27/turn    (no ring)
MPRegen 0.19/turn

%: no passive effects
@: no status effects
A: no striking features
a: Renounce Religion, Channel Magic, Forget Spell


You were on level 7 of the Dungeon.
You worshipped Sif Muna.
Sif Muna was most pleased with you.
You visited 2 branches of the dungeon, and saw 9 of its levels.
You also visited: Ossuary.

You collected 384 gold pieces.
You spent 291 gold pieces at shops.

Inventory:

Hand Weapons
 B - a +1 dagger of venom (weapon)
Armour
 a - a +0 robe
 f - a +0 pair of boots (worn)
 n - the +1 robe of Unambiguity (worn) {Str+2 Int+3}
   (You found it on level 2 of the Dungeon)

   Str+2:     It affects your strength (+2).
   Int+3:     It affects your intelligence (+3).
 q - the +0 leather armour of Incorporation {rElec rN++ MP+9 Int-3}
   (You found it on level 3 of the Dungeon)

   Int-3:     It affects your intelligence (-3).
   rElec:     It insulates you from electricity.
   rN++:      It greatly protects you from negative energy.
   MP+9:      It affects your magic capacity (+9).
 t - a +0 pair of gloves of strength (worn)
Magical Staves
 g - a staff of air
Jewellery
 m - a ring of protection from cold (left hand)
 G - a +6 ring of intelligence
Wands
 r - a wand of flame (8)
 u - a wand of polymorph (14)
 y - a wand of paralysis (3)
Scrolls
 c - 7 scrolls of identify {unknown}
 d - 3 scrolls of fear {unknown}
 h - 2 scrolls of brand weapon {unknown}
 i - 2 scrolls of enchant armour {unknown}
 l - 4 scrolls of immolation {unknown}
 p - a scroll of vulnerability
 v - a scroll of silence {unknown}
 x - 5 scrolls of teleportation {unknown}
 A - 2 scrolls of noise {unknown}
 C - 3 scrolls of amnesia {unknown}
 F - a scroll of torment {unknown}
Potions
 b - 3 potions of magic
 e - a potion of resistance {unknown}
 j - a potion of lignification {unknown}
 k - 3 potions of brilliance {unknown}
 o - 4 potions of haste {unknown}
 s - 4 potions of curing {unknown}
 w - 2 potions of heal wounds {unknown}
 z - a potion of enlightenment {unknown}
 D - a potion of might {unknown}
 E - a potion of degeneration {unknown}
 H - 2 potions of attraction {unknown}


   Skills:
 * Level 1.1 Fighting
 - Level 2.4 Dodging
 - Level 2.4 Stealth
 - Level 10.0 Spellcasting
 - Level 10.0 Conjurations
 - Level 8.0 Fire Magic
 - Level 5.0 Invocations


You had 15 spell levels left.
You knew the following spells:

 Your Spells              Type           Power      Damage    Failure   Level
a - Foxfire               Conj/Fire      100%       2x1d9     1%          1
b - Scorch                Fire           100%       2d9       1%          2
c - Inner Flame           Hex/Fire       36%        N/A       2%          3
d - Volatile Blastmotes   Fire/Tloc      72%        2d16      2%          3
e - Flame Wave            Conj/Fire      59%        2d14      1%          4

Your spell library contained the following spells:

 Spells                   Type           Power      Damage    Failure   Level
 Ensorcelled Hibernation  Hex/Ice        28%        N/A       6%          2
 Call Canine Familiar     Summ           14%        N/A       12%         3
 Passwall                 Erth           14%        N/A       12%         3
 Sigil of Binding         Hex            14%        N/A       12%         3
 Swiftness                Air            14%        N/A       12%         3
 Dimensional Bullseye     Hex/Tloc       7%         N/A       36%         4


Dungeon Overview and Level Annotations

Branches:
Dungeon (8/15)             Temple (1/1) D:4         Ossuary (visited)
   Lair: D:8-11

Altars:
Ashenzari
Cheibriados
Dithmenos
Elyvilon
Fedhas
Gozag
Hepliaklqana
Kikubaaqudgha
Makhleb
Nemelex Xobeh
Okawaru
Qazlal
Sif Muna
Trog
Uskayaw
Vehumet
Wu Jian
Xom
Yredelemnul
Zin
The Shining One

Shops:
D:3 *   D:5 (   D:7 *


Message History

Unknown command.
Casting: Scorch (safe; 1% risk of failure)
Confirm with . or Enter, or press ? or * to list all spells.
You don't have enough magic to cast this spell.
Unknown command.
Okay, then.
Unknown command.
Aiming: Throw Flame
Press: ? - help, Shift-Dir - straight line, f - orc warrior
Aim: an orc warrior, wielding a +0 trident and wearing a +0 plate armour (almost dead, more vulnerable to fire, 68% to hit)
The puff of flame hits the orc warrior but does no damage.
The orc warrior is almost dead.
The orc warrior closely misses you.
Aiming: Throw Flame
Press: ? - help, Shift-Dir - straight line, f/p - orc warrior
Aim: an orc warrior, wielding a +0 trident and wearing a +0 plate armour (almost dead, more vulnerable to fire, 68% to hit)
The puff of flame hits the orc warrior but does no damage.
The orc warrior is almost dead.
The orc warrior barely misses you.
Aiming: Throw Flame
Press: ? - help, Shift-Dir - straight line, f/p - orc warrior
Aim: an orc warrior, wielding a +0 trident and wearing a +0 plate armour (almost dead, more vulnerable to fire, 68% to hit)
The puff of flame hits the orc warrior but does no damage.
The orc warrior is almost dead.
The orc warrior hits you from afar with a +0 trident.
* * * LOW HITPOINT WARNING * * *
The orc priest mumbles some strange prayers to Beogh against you.
Pain shoots through your body!
* * * LOW HITPOINT WARNING * * *
Aiming: Throw Flame
Press: ? - help, Shift-Dir - straight line, f/p - orc warrior
Aim: an orc warrior, wielding a +0 trident and wearing a +0 plate armour (almost dead, more vulnerable to fire, 68% to hit)
The puff of flame hits the orc warrior but does no damage.
The orc warrior is almost dead.
The orc warrior hits you but does no damage.
Okay, then.
Unknown command.
The orc priest miscasts a cantrip.
The orc warrior hits you from afar with a +0 trident!
You die...

..#
#.##....................#
..#
#.##....#########.......#
###
#.............##........#
########..).#.##.########
#.........o...##.#
#.#########[.)...#
#.#..######o.>.###
#.#.......).....#
#.#.#####.(@....#
#.#>...(<)).....#
#.#######.......#
#............#.##
##########.#.#.#
#....#.#.# #.####.#.#
#.####.#.# ## #......#.#


You could see an orc warrior (combustible) and an orc priest.

Vanquished Creatures
  Pikel (D:6)
  Eustachio (D:5)
  Menkaure (D:5)
  An ice beast (D:6)
  2 black bears
  3 ogres
  2 lemures (D:6)
  2 phantoms
  2 gnoll sergeants
  7 scorpions
  3 water moccasin zombies (Ossuary)
  5 wights
  8 killer bees (D:7)
  2 bombardier beetles
  8 hounds
  5 orc priests
  4 scorpion zombies (Ossuary)
  3 iguanas
  Natasha (thrice) (D:2)
  3 orc wizards
  An ogre zombie (Ossuary)
  8 gnolls
  6 adders
  A shadow imp (D:7)
  A white imp (D:7)
  4 ufetubi
  6 adder zombies (Ossuary)
  2 dart slugs
  6 ribbon worms
  19 orcs
  4 ball pythons
  9 endoplasms
  A giant cockroach (D:2)
  3 gnoll zombies (Ossuary)
  2 goblins
  2 hobgoblins
  7 kobolds
  2 quokkas
  4 bats
  4 frilled lizards
  A hobgoblin zombie (Ossuary)
  4 orc zombies (Ossuary)
  3 rats
166 creatures vanquished.

Vanquished Creatures (others)
  635 foxfires
635 creatures vanquished.

Grand Total: 801 creatures vanquished

Notes
Turn   | Place    | Note
-------+----------+-------------------------------------------
     0 | D:1      | cdecastro the Deep Elf Fire Elementalist began the quest
                  | for the Orb.
     0 | D:1      | Reached XP level 1. HP: 10/10 MP: 6/6
   461 | D:1      | Reached XP level 2. HP: 15/15 MP: 5/8
   938 | D:1      | Reached XP level 3. HP: 19/19 MP: 4/9
   941 | D:1      | Learned a level 2 spell: Scorch
  1100 | D:2      | Noticed Natasha
  1104 | D:2      | Killed Natasha
  1105 | D:2      | Reached skill level 5 in Fire Magic
  1188 | D:2      | Learned a level 3 spell: Inner Flame
  1246 | D:2      | Noticed Natasha
  1253 | D:2      | Killed Natasha
  1254 | D:2      | Reached XP level 4. HP: 24/24 MP: 4/10
  1338 | D:2      | Noticed Natasha
  1342 | D:2      | Killed Natasha
  1491 | D:2      | Identified the +1 robe of Unambiguity {Str+2 Int+3}
  1668 | D:3      | Found Lexemola's General Store.
  1675 | D:3      | Bought a scroll of vulnerability for 52 gold pieces
  1932 | D:3      | Identified the +0 leather armour of Incorporation {rElec
                  | rN++ MP+9 Int-3}
  2031 | D:3      | Reached XP level 5. HP: 28/28 MP: 5/11
  2080 | D:3      | Found a faded altar of an unknown god.
  2156 | D:3      | Found a snail-covered altar of Cheibriados.
  2215 | D:3      | Found a hazy altar of Hepliaklqana.
  2218 | D:3      | Found a sparkling altar of Nemelex Xobeh.
  2220 | D:3      | Found a basalt altar of Yredelemnul.
  2220 | D:3      | Found an opulent altar of Gozag.
  2220 | D:3      | Found a hide-covered altar of Uskayaw.
  2222 | D:3      | Found a shimmering blue altar of Sif Muna.
  2234 | D:3      | Became a worshipper of Sif Muna the Loreminder
  2816 | D:3      | Learned a level 3 spell: Volatile Blastmotes
  2817 | D:4      | Noticed an ogre
  2967 | D:4      | Reached XP level 6. HP: 32/32 MP: 8/12
  3472 | D:4      | Reached skill level 5 in Spellcasting
  3472 | D:4      | Reached XP level 7. HP: 36/36 MP: 8/17
  3651 | D:4      | Reached * piety under Sif Muna
  3927 | D:4      | Found a staircase to the Ecumenical Temple.
  3933 | Temple   | Entered the Ecumenical Temple
  3973 | D:5      | Entered Level 5 of the Dungeon
  4524 | D:5      | Reached XP level 8. HP: 41/41 MP: 20/23
  4706 | D:5      | Noticed Menkaure
  4711 | D:5      | Killed Menkaure
  4810 | D:5      | Reached skill level 10 in Spellcasting
  4880 | D:5      | Found Ubrero's Antique Weapon Boutique.
  5008 | D:5      | Noticed Eustachio
  5036 | D:5      | Killed Eustachio
  5248 | D:6      | Found a glowing golden altar of the Shining One.
  5273 | D:6      | Found a sand-covered staircase.
  5277 | Ossuary  | Entered an ossuary
  5539 | Ossuary  | Reached skill level 5 in Conjurations
  5556 | Ossuary  | Reached ** piety under Sif Muna
  5900 | Ossuary  | Learned a level 4 spell: Flame Wave
  5950 | Ossuary  | Noticed a silent spectre
  6227 | D:6      | Noticed Pikel
  6425 | D:6      | Reached XP level 9. HP: 45/45 MP: 21/25
  6927 | D:6      | Killed Pikel
  7483 | D:6      | Reached skill level 10 in Conjurations
  7561 | D:7      | Found a glowing silver altar of Zin.
  7602 | D:7      | Reached skill level 1 in Invocations
  7695 | D:7      | Reached *** piety under Sif Muna
  8204 | D:7      | Found Zyerosop's Assorted Antiques.
  8212 | D:7      | Bought a scroll labelled DOZEDI YC MOWO for 22 gold pieces
  8212 | D:7      | Bought a pink potion for 19 gold pieces
  8212 | D:7      | Bought a scroll labelled GYRAFI ZYETAI for 22 gold pieces
  8212 | D:7      | Bought a scroll labelled GYRAFI ZYETAI for 22 gold pieces
  8212 | D:7      | Bought a scroll labelled CAROPP OGEERUPS for 22 gold pieces
  8212 | D:7      | Bought a scroll labelled NUREUT YFAIVE for 22 gold pieces
  8212 | D:7      | Bought an emerald ring for 110 gold pieces
  8779 | D:8      | Reached skill level 5 in Invocations
  8809 | D:7      | Reached skill level 1 in Fighting
  8847 | D:7      | Slain by an orc warrior

Illustrated notes

Levels and vault maps discovered:
D:1:      eino_arrival_water_cross, layout_loops_ring
D:2:      layout_rooms, minmay_cupped, uniq_natasha
D:3:      layout_basic, slow_altar_2, minitemple,
          shapermc_ecumenical_altar_mp_ritualfount, serial_shops,
          nicolae_diamond_shop
D:4:      layout_loops_ring, minmay_temple_entry_fiery
D:5:      layout_gridville, serial_shops, nicolae_shop_dealshenge,
          uniq_menkaure, uniq_eustachio
D:6:      layout_basic, mainiacjoe_overflow_small_starburst, enter_ossuary_5,
          uniq_pikel
D:7:      layout_basic, overflow_temple_1_default, serial_shops, shop,
          nicolae_figureground_sparkle
D:8:      layout_basic, serial_shops, shop, uniq_joseph
Temple:   minmay_temple_forest_path

Skill      XL: |  1  2  3  4  5  6  7  8  9 |
---------------+----------------------------+-----
Fire Magic     | 4 5 6 7 8 |  8.0
Spellcasting   | 5 9 10 | 10.0
Conjurations   | 7 10 | 10.0
Invocations    | 5 |  5.0
Fighting       | 1 |  1.1
Dodging        | |  2.4
Stealth        | |  2.4

Action                     |  1- 3 |  4- 6 |  7- 9 || total
---------------------------+-------+-------+-------++-------
  Melee: Staff             |       |       |     1 ||     1
   Cast: Foxfire           |    39 |    84 |   241 ||   364
         Scorch            |     6 |    14 |    95 ||   115
         Volatile Blastmot |       |       |     2 ||     2
         Flame Wave        |       |       |     3 ||     3
         Inner Flame       |       |       |     2 ||     2
 Invoke: Channel Magic     |       |       |     1 ||     1
  Evoke: Wand              |       |       |     4 ||     4
 Armour: Robe              |     4 |     6 |    38 ||    48
  Dodge: Dodged            |     6 |     2 |    40 ||    48
